 Dungeon Crawl Stone Soup version 0.23.2 (webtiles) character file.

Game seed: 1163037919532617134

3714 Marnok the Covert (level 9, -1/69 HPs)
             Began as a Vampire Assassin on Apr 10, 2019.
             Succumbed to an orc warrior's poison
             ... on level 8 of the Dungeon.
             The game lasted 00:42:14 (8841 turns).

Marnok the Covert (Vampire Assassin)                Turns: 8841, Time: 00:42:15

Health: -1/69      AC:  6    Str: 10    XL:     9   Next: 91%
Magic:  9/9        EV: 17    Int: 13    God:
Gold:   456        SH:  0    Dex: 19    Spells: 8/8 levels left

rFire    + . .     SeeInvis +   w - +8 quarterstaff "Nuomieva" {vamp, rElec}
rCold    + . .     Gourm    .   (shield currently unavailable)
rNeg     . . .     Faith    .   c - +0 robe
rPois    .         Spirit   .   (no helmet)
rElec    +         Reflect  .   o - scarf {rC+ rF+}
rCorr    .         Harm     .   g - +2 pair of gloves
MR       +....                  p - +0 pair of boots (curse)
Stlth    ++++......             (no amulet)
HPRegen  0.41/turn              j - ring of protection from magic
MPRegen  0.11/turn              (no ring)

@: lethally poisoned (-1 -> -19), regenerating quickly
A: fangs 3, see invisible, unbreathing
a: no special abilities


You were on level 8 of the Dungeon.
You were full.

You visited 2 branches of the dungeon, and saw 9 of its levels.
You also visited: Ossuary.

You collected 456 gold pieces.

Inventory:

Hand Weapons
 b - a +0 blowgun
 e - a +1 short sword of venom
 v - a +2 dagger of venom
 w - the +8 quarterstaff "Nuomieva" (weapon) {vamp, rElec}
   (You found it on level 7 of the Dungeon)

   It inflicts no extra harm, but heals its wielder when it wounds a living foe.
   It insulates you from electricity.
Missiles
 m - 8 poisoned needles (quivered)
 q - 5 needles of confusion
Armour
 a - a cursed +0 leather armour
 c - a +0 robe (worn)
 d - a +0 cloak
 g - a +2 pair of gloves (worn)
 o - a scarf of resistance (worn)
 p - a cursed +0 pair of boots (worn)
Jewellery
 j - a ring of protection from magic (left hand)
Wands
 f - a wand of acid (12)
 k - a wand of random effects (12)
Scrolls
 i - 3 scrolls of amnesia
 r - a scroll of blinking {unknown}
 t - 2 scrolls of fear
 u - a scroll of enchant armour {unknown}
 x - 2 scrolls of fog
 C - a scroll of immolation {unknown}
Potions
 h - 2 potions of ambrosia
 n - 2 potions of resistance
 s - 2 potions of brilliance


   Skills:
 + Level 5.8 Fighting
 + Level 8.6 Short Blades
 + Level 3.3 Staves
 + Level 5.2 Throwing
 + Level 6.2 Dodging
 + Level 9.2 Stealth


You had 8 spell levels left.
You didn't know any spells.
Your spell library contained the following spells:

 Spells                   Type           Power        Failure   Level  Hunger
 Confusing Touch          Hex            #.....       30%         1    ##.....
 Confuse                  Hex            #.......     67%         3    ####...
 Gell's Gravitas          Tloc           #.........   67%         3    ####...
 Portal Projectile        Hex/Tloc       #.....       67%         3    ####...
 Force Lance              Conj/Tloc      #.......     97%         4    #####..
 Petrify                  Tmut/Erth      #.......     97%         4    #####..
 Metabolic Englaciation   Hex/Ice        #.........   100%        5    ######.
 Yara's Violent Unravell  Hex/Tmut       #.........   100%        5    ######.
 Dispersal                Tloc           #.........   100%        6    #######
 Controlled Blink         Tloc           N/A          100%        8    #######
 Disjunction              Tloc           #.........   100%        8    #######


Dungeon Overview and Level Annotations

Branches:
Dungeon (8/15)             Temple (1/1) D:6
   Lair: D:8-11

Altars:
Cheibriados
Elyvilon
Fedhas
Hepliaklqana
Kikubaaqudgha
Qazlal
Sif Muna
Uskayaw
Vehumet
Wu Jian
Xom
Yredelemnul
Zin
The Shining One

Shops:
D:6 (


Innate Abilities, Weirdness & Mutations

Your natural rate of healing is unusually fast.
You have razor-sharp teeth.
You have supernaturally acute eyesight. (SInv)
You can survive without breathing.


Message History

Yummy - fresh blood!
* * * LOW HITPOINT WARNING * * *
You feel very sick.
Yummy - fresh blood!
* * * LOW HITPOINT WARNING * * *
You feel very sick.
* * * LOW HITPOINT WARNING * * *
You feel sick.
Things that are here:
a +1 short sword of venom; a +0 chain mail
e - a +1 short sword of venom
* * * LOW HITPOINT WARNING * * *
You feel very sick.
* * * LOW HITPOINT WARNING * * *
You feel sick.
Things that are here:
a +0 dagger; a +0 robe; an orc corpse Drink blood from an orc corpse? (ye/n/q) This warm blood tastes delicious!
You feel a lot more full.
You die...

..( #. #....... ##... ._(
..(##...... #.... .(. #.....>...
.... #.## ##........ ##.. #..##.
.(. #.##..#..... ##..# #.....#
#(####.#..##..... #...##
.....#####).....#..>...... #....#
.........[$..............#
.o..<#####......@................
..#...##..............##.........
..#..................##..........
.####....###......<.####.......##
. ###.### #.......###....(..####
o.##...### #.##.....##........# #
.........###.###..............# #
#............# #...........##.###
##...........# #.##......#.##....


There were no monsters in sight!

Vanquished Creatures
  Grinder (D:6)
  2 orc warriors
  2 sky beasts (D:5)
  A phantom (D:6)
  A black bear (D:7)
  An ice beast (D:7)
  2 ogres (D:7)
  2 centaurs
  5 elf zombies (Ossuary)
  2 bullfrogs
  4 scorpions
  10 killer bees
  4 wights (D:7)
  2 howler monkeys
  3 hounds
  4 human zombies (Ossuary)
  2 orc priests
  Crazy Yiuf (D:6)
  3 centaur zombies (Ossuary)
  A bullfrog skeleton (D:7)
  2 iguanas
  8 orc wizards
  8 worker ants
  A killer bee zombie (D:8)
  2 hound zombies
  3 mummies (Ossuary)
  4 gnolls (D:7)
  4 adders
  2 shadow imps
  An ooze (D:7)
  2 adder skeletons
  4 worms
  3 dart slugs
  4 leopard geckos
  25 orcs
  A ball python (D:3)
  4 giant cockroaches
  8 goblins
  7 hobgoblins
  2 jackals (D:6)
  9 kobolds
  A quokka (D:8)
  7 bats
  10 frilled lizards
  2 leopard gecko zombies
  A quokka skeleton (D:4)
  10 rats
  A fungus (D:6)
189 creatures vanquished.

Notes
Turn   | Place    | Note
-------+----------+-------------------------------------------
     0 | D:1      | Marnok the Vampire Assassin began the quest for the Orb.
     0 | D:1      | Reached XP level 1. HP: 16/16 MP: 1/1
    43 | D:1      | Reached skill level 6 in Stealth
   120 | D:1      | Reached XP level 2. HP: 14/22 MP: 2/2
  1074 | D:2      | Reached XP level 3. HP: 27/27 MP: 3/3
  1355 | D:2      | HP: 1/27 [worm (6)]
  1552 | D:2      | Found a hide-covered altar of Uskayaw.
  2427 | D:4      | Noticed a scorpion
  2434 | D:4      | Killed a scorpion
  2434 | D:4      | Reached skill level 7 in Stealth
  2434 | D:4      | Reached XP level 4. HP: 33/33 MP: 4/4
  2582 | D:4      | Reached XP level 5. HP: 39/39 MP: 5/5
  3246 | D:4      | Reached XP level 6. HP: 46/46 MP: 6/6
  4090 | D:5      | Entered Level 5 of the Dungeon
  4101 | D:5      | Noticed a sky beast
  4117 | D:5      | Killed a sky beast
  4251 | D:5      | Reached skill level 5 in Short Blades
  4251 | D:5      | Reached XP level 7. HP: 52/52 MP: 7/7
  4805 | D:6      | Found Faok's Weapon Boutique.
  4810 | D:6      | Found a white marble altar of Elyvilon.
  4840 | D:6      | Found a basalt altar of Yredelemnul.
  4840 | D:6      | Found a stormy altar of Qazlal.
  4841 | D:6      | Found a blossoming altar of Fedhas.
  5110 | D:6      | Reached XP level 8. HP: 42/60 MP: 8/8
  5131 | D:6      | Found a staircase to the Ecumenical Temple.
  5183 | Temple   | Entered the Ecumenical Temple
  5694 | D:6      | Noticed Grinder
  5696 | D:6      | Paralysed by Grinder for 5 turns
  5714 | D:6      | Paralysed by Grinder for 2 turns
  5715 | D:6      | Reached skill level 8 in Stealth
  5721 | D:6      | Killed Grinder
  5766 | D:6      | Found a runed translucent door.
  5767 | D:6      | Noticed Crazy Yiuf
  5774 | D:6      | Killed Crazy Yiuf
  6044 | D:7      | Reached skill level 5 in Throwing
  6098 | D:7      | Reached skill level 5 in Dodging
  6108 | D:7      | Reached XP level 9. HP: 55/67 MP: 9/9
  6156 | D:7      | Got an ichor-stained quarterstaff
  6229 | D:7      | Found a sand-covered staircase.
  6236 | Ossuary  | Entered an ossuary
  6354 | Ossuary  | Reached skill level 5 in Fighting
  7158 | D:7      | Identified the +8 quarterstaff "Nuomieva" {vamp, rElec}
                  | (You found it on level 7 of the Dungeon)
  7669 | D:7      | Reached skill level 1 in Staves
  8279 | D:7      | Reached skill level 9 in Stealth
  8450 | D:7      | Identified a scroll of acquirement
  8804 | D:8      | Found an ornate altar of the Wu Jian Council.
  8839 | D:8      | HP: 3/69 [poisoned by an orc warrior]
  8841 | D:8      | Succumbed to an orc warrior's poison

Skill      XL: |  1  2  3  4  5  6  7  8  9 |
---------------+----------------------------+-----
Stealth        | 6 7 8 9 |  9.2
Fighting       | 2 3 4 5 |  5.8
Short Blades   | 3 4 5 6 7 8 |  8.6
Dodging        | 2 3 4 5 6 |  6.2
Throwing       | 2 3 5 |  5.2
Staves         | 3 |  3.3

Action                   |  1- 3 |  4- 6 |  7- 9 || total
-------------------------+-------+-------+-------++-------
Melee: Dagger            |   182 |   120 |   493 ||   795
       Bite              |    13 |    14 |    78 ||   105
       Quarterstaff      |       |       |   115 ||   115
 Fire: Blowgun           |     1 |    41 |    50 ||    92
  Use: Potion            |     9 |       |    18 ||    27
       Scroll            |     7 |     2 |    13 ||    22
 Stab: Invisible         |     1 |       |       ||     1
       Sleeping          |       |     2 |     5 ||     7
       Distracted        |       |       |     1 ||     1
  Eat: Corpse            |     3 |     4 |    17 ||    24
Armor: Robe              |    44 |    24 |    95 ||   163
Dodge: Dodged            |    85 |    63 |   354 ||   502
